| TOP OF THE 1ST |
|
St. Petersburg Saints batting - Pitching for West Palm Beach Expos : RHP Carlos Montano
|
|
Pitching: RHP Carlos Montano
|
|
|
Batting: SHB Bruce Amador
|
0-0: Ball 1-0: Swinging Strike 1-1: Ball 2-1: Foul Ball, location: 2F 2-2: Ball 3-2: Base on Balls
|
|
Batting: SHB Steve McAllister
|
0-0: Called Strike 0-1: Ball 1-1: Ball 2-1: Foul Ball, location: 2F 2-2: Foul Ball, location: 2F 2-2: Ball 3-2: Base on Balls Bruce Amador to second
|
|
Batting: RHB Denny Gonzalez
|
0-0: Called Strike 0-1: Foul Ball, location: 2F 0-2: Ball 1-2: Ball 2-2: Strikes out swinging
|
|
Batting: LHB Chris Henry
|
0-0: Ball 1-0: Swinging Strike 1-1: Fly out, F7 (Flyball, 78D, EV 91.9 MPH)
|
|
Batting: RHB Carson Carroll
|
0-0: Ball 1-0: Foul Ball, location: 2F 1-1: Ball 2-1: DOUBLE (Line Drive, 3D, EV 110.0 MPH) Bruce Amador scores Steve McAllister to third Runner from 3rd tries for Home, SAFE, throw by RF to home
|
|
Batting: LHB Humberto Acosta
|
0-0: Ground out 4-3 (Groundball, 4, EV 89.4 MPH)
|
| Top of the 1st over - 2 runs, 1 hit, 0 errors, 1 left on base; St. Petersburg 2 - West Palm Beach 0 |
| BOTTOM OF THE 1ST |
|
West Palm Beach Expos batting - Pitching for St. Petersburg Saints : RHP Ron Musselman
|
|
Pitching: RHP Ron Musselman
|
|
|
Batting: RHB Melvin Freeman
|
0-0: Swinging Strike 0-1: Bunt missed! 0-2: Foul Ball, location: 2F 0-2: Ball 1-2: Hit by Pitch
|
|
Batting: LHB Manuel Vigil
|
0-0: Fly out, F2 (Popup, 25F, EV 80.0 MPH)
|
|
Batting: LHB Jesus Alfes
|
0-0: Grounds into double play, 6-4-3 (Groundball, 6, EV 96.3 MPH)
|
| Bottom of the 1st over - 0 runs, 0 hits, 0 errors, 0 left on base; St. Petersburg 2 - West Palm Beach 0 |
| TOP OF THE 2ND |
|
St. Petersburg Saints batting - Pitching for West Palm Beach Expos : RHP Carlos Montano
|
|
Batting: SHB Bob Meacham
|
0-0: Ball 1-0: Ball 2-0: Ball 3-0: Called Strike 3-1: Foul Ball, location: 2F 3-2: Base on Balls
|
|
Batting: RHB Rex Hudler
|
0-0: Foul Ball, location: 2F 0-1: Ball Bob Meacham steals 2nd base 1-1: Ball 2-1: Fly out, F7 (Flyball, 7LD, EV 78.8 MPH) Runner from 2nd tags up, SAFE at 3rd, no throw by LF
|
|
Batting: LHB Thomas Langham
|
0-0: Ball 1-0: Ball 2-0: Called Strike 2-1: Ball 3-1: Ground out U3 (Groundball, 3, EV 86.9 MPH)
|
|
Batting: SHB Bruce Amador
|
0-0: Called Strike 0-1: Called Strike 0-2: SINGLE (Line Drive, 8LS, EV 96.9 MPH) Bob Meacham scores
|
|
Batting: SHB Steve McAllister
|
0-0: Called Strike 0-1: Ball 1-1: Ball 2-1: Ball 3-1: Fly out, F4 (Line Drive, 4, EV 66.3 MPH)
|
| Top of the 2nd over - 1 run, 1 hit, 0 errors, 1 left on base; St. Petersburg 3 - West Palm Beach 0 |
| BOTTOM OF THE 2ND |
|
West Palm Beach Expos batting - Pitching for St. Petersburg Saints : RHP Ron Musselman
|
|
Batting: RHB Don Berti
|
0-0: Called Strike 0-1: Foul Ball, location: 2F 0-2: Ball 1-2: Ball 2-2: Ball 3-2: SINGLE (Flyball, 3D, EV 93.8 MPH)
|
|
Batting: RHB Matthew Gundelfinger
|
0-0: Foul Ball, location: 2F 0-1: Foul Ball, location: 2F 0-2: SINGLE (Line Drive, 78S, EV 92.5 MPH) Don Berti to second
|
|
Batting: RHB Roland Oruna
|
0-0: Called Strike 0-1: Ball 1-1: Swinging Strike 1-2: Ball 2-2: Strikes out looking
|
|
Batting: RHB Sebastiano Borriello
|
0-0: Ball 1-0: Foul Ball, location: 2F 1-1: Ball 2-1: Foul Ball, location: 2F 2-2: Ball 3-2: Base on Balls Don Berti to third Matthew Gundelfinger to second
|
|
Batting: SHB Marvin Clack
|
0-0: Ball 1-0: Ball 2-0: Fielders Choice at 2nd, 4-6 (Groundball, 4M, EV 82.5 MPH) Don Berti scores Matthew Gundelfinger to third
|
|
Batting: RHB Pat Adams
|
0-0: Ball 1-0: Fly out, F9 (Flyball, 9D, EV 108.8 MPH)
|
| Bottom of the 2nd over - 1 run, 2 hits, 0 errors, 2 left on base; St. Petersburg 3 - West Palm Beach 1 |
| TOP OF THE 3RD |
|
St. Petersburg Saints batting - Pitching for West Palm Beach Expos : RHP Carlos Montano
|
|
Batting: RHB Denny Gonzalez
|
0-0: Swinging Strike 0-1: Ball 1-1: Ball 2-1: Ball 3-1: Base on Balls
|
|
Batting: LHB Chris Henry
|
0-0: Called Strike Denny Gonzalez steals 2nd base 0-1: Ball 1-1: Ball 2-1: Ground out 6-3 (Groundball, 6, EV 87.5 MPH) Denny Gonzalez to third
|
|
Batting: RHB Carson Carroll
|
0-0: Ball 1-0: Foul Ball, location: 2F 1-1: Swinging Strike 1-2: Strikes out swinging
|
|
Batting: LHB Humberto Acosta
|
0-0: Ball 1-0: Ball 2-0: Ground out 6-3 (Groundball, 6, EV 88.8 MPH)
|
| Top of the 3rd over - 0 runs, 0 hits, 0 errors, 1 left on base; St. Petersburg 3 - West Palm Beach 1 |
| BOTTOM OF THE 3RD |
|
West Palm Beach Expos batting - Pitching for St. Petersburg Saints : RHP Ron Musselman
|
|
Batting: RHB Melvin Freeman
|
0-0: Ball 1-0: Ball 2-0: Foul Ball, location: 2F 2-1: Foul Ball, location: 2F 2-2: Fly out, F9 (Flyball, 89D, EV 88.1 MPH)
|
|
Batting: LHB Manuel Vigil
|
0-0: DOUBLE (Flyball, 78D, EV 98.1 MPH)
|
|
Batting: LHB Jesus Alfes
|
0-0: Ground out 6-3 (Groundball, 6, EV 103.8 MPH)
|
|
Batting: RHB Don Berti
|
0-0: Ball 1-0: Called Strike 1-1: Ball 2-1: Fly out, F3 (Popup, 3L, EV 73.1 MPH)
|
| Bottom of the 3rd over - 0 runs, 1 hit, 0 errors, 1 left on base; St. Petersburg 3 - West Palm Beach 1 |
| TOP OF THE 4TH |
|
St. Petersburg Saints batting - Pitching for West Palm Beach Expos : RHP Carlos Montano
|
|
Batting: SHB Bob Meacham
|
0-0: Called Strike 0-1: Swinging Strike 0-2: Strikes out swinging
|
|
Batting: RHB Rex Hudler
|
0-0: Foul Ball, location: 2F 0-1: Ball 1-1: Ball 2-1: TRIPLE (Flyball, 89XD, EV 96.9 MPH)
|
|
Batting: LHB Thomas Langham
|
0-0: Ball 1-0: Swinging Strike 1-1: Called Strike 1-2: Foul Ball, location: 2F 1-2: Ball 2-2: Foul Ball, location: 2F 2-2: Ball 3-2: Fly out, F8 (Flyball, 78M, EV 93.8 MPH)
|
|
Batting: SHB Bruce Amador
|
0-0: Called Strike 0-1: Ball 1-1: Called Strike 1-2: Ball 2-2: Strikes out swinging
|
| Top of the 4th over - 0 runs, 1 hit, 0 errors, 1 left on base; St. Petersburg 3 - West Palm Beach 1 |
| BOTTOM OF THE 4TH |
|
West Palm Beach Expos batting - Pitching for St. Petersburg Saints : RHP Ron Musselman
|
|
Batting: RHB Matthew Gundelfinger
|
0-0: Ball 1-0: Foul Ball, location: 2F 1-1: Swinging Strike 1-2: Strikes out swinging
|
|
Batting: RHB Roland Oruna
|
0-0: Foul Ball, location: 2F 0-1: Foul Ball, location: 2F 0-2: Ground out 2-3 (Groundball, 13S, EV 75.0 MPH)
|
|
Batting: RHB Sebastiano Borriello
|
0-0: Ball 1-0: Ball 2-0: Ground out U3 (Groundball, 34S, EV 89.4 MPH)
|
| Bottom of the 4th over - 0 runs, 0 hits, 0 errors, 0 left on base; St. Petersburg 3 - West Palm Beach 1 |
| TOP OF THE 5TH |
|
St. Petersburg Saints batting - Pitching for West Palm Beach Expos : RHP Carlos Montano
|
|
Batting: SHB Steve McAllister
|
0-0: Ball 1-0: Called Strike 1-1: Ground out 4-3 (Groundball, 4MS, EV 63.8 MPH)
|
|
Batting: RHB Denny Gonzalez
|
0-0: Ball 1-0: Called Strike 1-1: Foul Ball, location: 2F 1-2: Ball 2-2: Strikes out swinging
|
|
Batting: LHB Chris Henry
|
0-0: Ball 1-0: Ball 2-0: Ball 3-0: Called Strike 3-1: Called Strike 3-2: SINGLE (Groundball, 4MD, EV 106.3 MPH)
|
|
Batting: RHB Carson Carroll
|
0-0: Foul Ball, location: 2F 0-1: SINGLE (Groundball, 56S, EV 72.5 MPH) (infield hit) Chris Henry to second
|
|
Batting: LHB Humberto Acosta
|
0-0: Ball 1-0: Ball 2-0: Foul Ball, location: 2F 2-1: Foul Ball, location: 2F 2-2: Strikes out swinging
|
| Top of the 5th over - 0 runs, 2 hits, 0 errors, 2 left on base; St. Petersburg 3 - West Palm Beach 1 |
| BOTTOM OF THE 5TH |
|
West Palm Beach Expos batting - Pitching for St. Petersburg Saints : RHP Ron Musselman
|
|
Batting: SHB Marvin Clack
|
0-0: Ground out 4-3 (Groundball, 4MD, EV 105.0 MPH)
|
|
Batting: RHB Pat Adams
|
0-0: Called Strike 0-1: Ball 1-1: Foul Ball, location: 2F 1-2: Foul Ball, location: 2F 1-2: Fly out, F3 (Flyball, 3D, EV 94.4 MPH)
|
|
Batting: RHB Melvin Freeman
|
0-0: Foul Ball, location: 2F 0-1: Called Strike 0-2: Fly out, F8 (Flyball, 8RM, EV 85.0 MPH)
|
| Bottom of the 5th over - 0 runs, 0 hits, 0 errors, 0 left on base; St. Petersburg 3 - West Palm Beach 1 |
| TOP OF THE 6TH |
|
St. Petersburg Saints batting - Pitching for West Palm Beach Expos : RHP Carlos Montano
|
|
Batting: SHB Bob Meacham
|
0-0: Foul Ball, location: 2F 0-1: Swinging Strike 0-2: Strikes out swinging
|
|
Batting: RHB Rex Hudler
|
0-0: Ball 1-0: Called Strike 1-1: Ground out 5-3 (Groundball, 56, EV 105.0 MPH)
|
|
Batting: LHB Thomas Langham
|
0-0: Ground out 6-3 (Groundball, 56, EV 78.8 MPH)
|
| Top of the 6th over - 0 runs, 0 hits, 0 errors, 0 left on base; St. Petersburg 3 - West Palm Beach 1 |
| BOTTOM OF THE 6TH |
|
West Palm Beach Expos batting - Pitching for St. Petersburg Saints : RHP Ron Musselman
|
|
Batting: LHB Manuel Vigil
|
0-0: Called Strike 0-1: Ball 1-1: Fly out, F9 (Flyball, 89XD, EV 90.6 MPH)
|
|
Batting: LHB Jesus Alfes
|
0-0: DOUBLE (Flyball, 8RD, EV 89.4 MPH)
|
|
Batting: RHB Don Berti
|
0-0: Ball 1-0: Ball 2-0: Ball 3-0: Base on Balls
|
|
Batting: RHB Matthew Gundelfinger
|
0-0: SINGLE (Groundball, 34D, EV 97.5 MPH) Jesus Alfes to third Don Berti to second
|
|
Batting: RHB Roland Oruna
|
0-0: Ball 1-0: Foul Ball, location: 2F 1-1: Ball 2-1: Foul Ball, location: 2F 2-2: Strikes out looking
|
|
Batting: RHB Sebastiano Borriello
|
0-0: Foul Ball, location: 2F 0-1: Ball 1-1: Ball 2-1: Foul Ball, location: 2F 2-2: Foul Ball, location: 2F 2-2: Ball 3-2: Ground out 4-3 (Groundball, 4, EV 102.5 MPH)
|
| Bottom of the 6th over - 0 runs, 2 hits, 0 errors, 3 left on base; St. Petersburg 3 - West Palm Beach 1 |
| TOP OF THE 7TH |
|
St. Petersburg Saints batting - Pitching for West Palm Beach Expos : RHP Carlos Montano
|
|
Batting: SHB Bruce Amador
|
0-0: Foul Ball, location: 2F 0-1: Ball 1-1: Swinging Strike 1-2: Foul Ball, location: 2F 1-2: Ball 2-2: Hit by Pitch
|
|
Batting: SHB Steve McAllister
|
0-0: Ball 1-0: Bunt missed! 1-1: Bunted foul 1-2: Fly out, F8 (Line Drive, 8LM, EV 93.1 MPH)
|
|
Batting: RHB Denny Gonzalez
|
0-0: Ball 1-0: Ball 2-0: Ball 3-0: Called Strike 3-1: Called Strike 3-2: Foul Ball, location: 2F 3-2: Fielders Choice at 2nd, 1-6 (Groundball, 34S, EV 86.3 MPH)
|
|
Batting: LHB Chris Henry
|
0-0: Called Strike 0-1: Fly out, F7 (Flyball, 7, EV 85.0 MPH)
|
| Top of the 7th over - 0 runs, 0 hits, 0 errors, 1 left on base; St. Petersburg 3 - West Palm Beach 1 |
| BOTTOM OF THE 7TH |
|
West Palm Beach Expos batting - Pitching for St. Petersburg Saints : RHP Ron Musselman
|
|
Batting: SHB Marvin Clack
|
0-0: Ball 1-0: Foul Ball, location: 2F 1-1: Ball 2-1: Foul Ball, location: 2F 2-2: Fly out, F8 (Flyball, 8LD, EV 105.6 MPH)
|
|
Batting: RHB Pat Adams
|
0-0: Swinging Strike 0-1: Ball 1-1: Fly out, F8 (Flyball, 89XD, EV 92.5 MPH)
|
|
Batting: RHB Melvin Freeman
|
0-0: Swinging Strike 0-1: Ball 1-1: Foul Ball, location: 2F 1-2: Ball 2-2: Foul Ball, location: 2F 2-2: Ground out 6-3 (Groundball, 6, EV 109.4 MPH)
|
| Bottom of the 7th over - 0 runs, 0 hits, 0 errors, 0 left on base; St. Petersburg 3 - West Palm Beach 1 |
| TOP OF THE 8TH |
|
St. Petersburg Saints batting - Pitching for West Palm Beach Expos : RHP Carlos Montano
|
|
Batting: RHB Carson Carroll
|
0-0: Ball 1-0: Ball 2-0: Foul Ball, location: 2F 2-1: Foul Ball, location: 2F 2-2: Ball 3-2: Base on Balls
|
|
Pitching: LHP Marion Thackston
|
|
|
Batting: LHB Humberto Acosta
|
0-0: Swinging Strike 0-1: Ball 1-1: Ball 2-1: Ball 3-1: Foul Ball, location: 2F 3-2: Foul Ball, location: 2F 3-2: Base on Balls Carson Carroll to second
|
|
Batting: SHB Bob Meacham
|
0-0: Ball 1-0: Bunt missed! 1-1: Ball 2-1: Sac Bunt to 2R - play at first, batter OUT! 2-4 Carson Carroll to third Humberto Acosta to second
|
|
Batting: RHB Rex Hudler
|
0-0: Intentional Walk
|
|
Batting: LHB Thomas Langham
|
0-0: Called Strike 0-1: Ball 1-1: Ball 2-1: Called Strike 2-2: Ball 3-2: SINGLE (Line Drive, 7LS, EV 101.3 MPH) Carson Carroll scores Humberto Acosta to third Rex Hudler to second
|
|
Batting: SHB Bruce Amador
|
0-0: Ball Wild Pitch! Humberto Acosta scores Rex Hudler to third Thomas Langham to second 1-0: Ball 2-0: Ball 3-0: Called Strike 3-1: SINGLE (Groundball, 25, EV 67.5 MPH) (infield hit)
|
|
Batting: SHB Steve McAllister
|
0-0: Called Strike 0-1: Foul Ball, location: 2F 0-2: Foul Ball, location: 2F 0-2: Foul Ball, location: 2F 0-2: Ball 1-2: Foul Ball, location: 2F 1-2: Ball 2-2: Foul Ball, location: 2F 2-2: Fielders Choice at 2nd, 6-4 (Groundball, 6, EV 101.9 MPH) Rex Hudler scores Thomas Langham to third
|
|
Pitching: LHP Bret Ferguson
|
|
|
Batting: RHB Denny Gonzalez
|
0-0: Ball 1-0: Foul Ball, location: 2F 1-1: TRIPLE (Line Drive, 78XD, EV 108.1 MPH) Thomas Langham scores Steve McAllister scores
|
|
Pinch Runner at 3rd Paul Mainieri:
|
|
|
Batting: LHB Chris Henry
|
0-0: Ground out 4-3 (Groundball, 4, EV 78.8 MPH)
|
| Top of the 8th over - 5 runs, 3 hits, 0 errors, 1 left on base; St. Petersburg 8 - West Palm Beach 1 |
| BOTTOM OF THE 8TH |
|
West Palm Beach Expos batting - Pitching for St. Petersburg Saints : RHP Ron Musselman
|
|
Now at 2B: Paul Mainieri
|
|
|
Pinch Hitting: LHB Carl Spikes
|
0-0: Ball 1-0: Ball 2-0: Ground out U3 (Groundball, 34, EV 103.8 MPH)
|
|
Batting: LHB Jesus Alfes
|
0-0: Ball 1-0: Ball 2-0: Foul Ball, location: 2F 2-1: Ball 3-1: Fly out, F5 (Line Drive, 5, EV 69.4 MPH)
|
|
Batting: RHB Don Berti
|
0-0: Called Strike 0-1: Ball 1-1: Swinging Strike 1-2: Foul Ball, location: 2F 1-2: Foul Ball, location: 2F 1-2: Ball 2-2: Fly out, F7 (Flyball, 7D, EV 97.5 MPH)
|
| Bottom of the 8th over - 0 runs, 0 hits, 0 errors, 0 left on base; St. Petersburg 8 - West Palm Beach 1 |
| TOP OF THE 9TH |
|
St. Petersburg Saints batting - Pitching for West Palm Beach Expos : LHP Bret Ferguson
|
|
Now in CF: Carl Spikes
|
|
|
Pinch Hitting: RHB Bill Hill
|
0-0: Ball 1-0: Foul Ball, location: 2F 1-1: Foul Ball, location: 2F 1-2: Foul Ball, location: 2F 1-2: Foul Ball, location: 2F 1-2: Ball 2-2: Foul Ball, location: 2F 2-2: Foul Ball, location: 2F 2-2: Reached on error, E4 (Groundball, 4M, EV 77.5 MPH)
|
|
Pinch Hitting: RHB William Wilborn
|
0-0: Ball 1-0: Ball 2-0: Foul Ball, location: 2F 2-1: Ball 3-1: Base on Balls Bill Hill to second
|
|
Batting: SHB Bob Meacham
|
0-0: Foul Ball, location: 2F 0-1: Ball 1-1: Swinging Strike 1-2: Ball 2-2: Strikes out swinging
|
|
Batting: RHB Rex Hudler
|
0-0: Ball 1-0: Called Strike 1-1: Ball Balk! Bill Hill to third William Wilborn to second 2-1: Called Strike 2-2: Foul Ball, location: 2F 2-2: Ball 3-2: Foul Ball, location: 2F 3-2: DOUBLE (Flyball, 78D, EV 103.8 MPH) Bill Hill scores William Wilborn scores
|
|
Pitching: RHP Felipe Lopez
|
|
|
Batting: LHB Thomas Langham
|
0-0: Ball 1-0: Swinging Strike 1-1: Ball 2-1: Foul Ball, location: 2F 2-2: Foul Ball, location: 2F 2-2: Strikes out looking
|
|
Batting: SHB Bruce Amador
|
0-0: Ball 1-0: Ball 2-0: Ball 3-0: Called Strike 3-1: Called Strike 3-2: Fly out, F8 (Line Drive, 8RM, EV 93.8 MPH)
|
| Top of the 9th over - 2 runs, 1 hit, 1 error, 1 left on base; St. Petersburg 10 - West Palm Beach 1 |
| BOTTOM OF THE 9TH |
|
West Palm Beach Expos batting - Pitching for St. Petersburg Saints : RHP Ron Musselman
|
|
Now at 1B: Chris Gandy
|
|
|
Now in RF: William Wilborn
|
|
|
Pinch Hitting: LHB Michael Supczenski
|
0-0: Ball 1-0: Ground out 4-3 (Groundball, 34, EV 106.3 MPH)
|
|
Batting: RHB Roland Oruna
|
0-0: Called Strike 0-1: Ball 1-1: SINGLE (Groundball, 6MD, EV 98.1 MPH)
|
|
Batting: RHB Sebastiano Borriello
|
0-0: Called Strike 0-1: Fly out, F9 (Flyball, 9LM, EV 82.5 MPH)
|
|
Batting: SHB Marvin Clack
|
0-0: Ball 1-0: Ball 2-0: Ball 3-0: Called Strike 3-1: Called Strike 3-2: Base on Balls Roland Oruna to second
|
|
Pinch Hitting: RHB Pat D Kelly
|
0-0: Ball 1-0: Foul Ball, location: 2F 1-1: Ball 2-1: Foul Ball, location: 2F 2-2: Fly out, F9 (Flyball, 9, EV 84.4 MPH)
|
| Bottom of the 9th over - 0 runs, 1 hit, 0 errors, 2 left on base; St. Petersburg 10 - West Palm Beach 1 |
|